 Dungeon Crawl Stone Soup version 0.17.1-2-g5865329 (webtiles) character file.

304 dnf the Skirmisher (level 6, -5/66 HPs)
             Began as an Ogre Chaos Knight on Jan 25, 2016.
             Was a Follower of Fedhas.
             Killed by divine providence
             ... invoked by an orc priest
              (10 damage)
             ... on level 3 of the Dungeon.
             The game lasted 00:43:04 (3734 turns).

dnf the Skirmisher (Ogre Chaos Knight)              Turns: 3734, Time: 00:43:09

Health: -5/66      AC:  8    Str: 20      XL:     6   Next: 38%
Magic:  6/6        EV: 14    Int: 11      God:    Fedhas [*.....]
Gold:   229        SH:  0    Dex:  6 (9)  Spells: 0 memorised, 5 levels left

rFire  . . .     SeeInvis +     a - +0 short sword (chaos)
rCold  . . .     Clarity  .     b - +2 robe
rNeg   . . .     SustAt   .     (no shield)
rPois  .         Gourm    .     (helmet restricted)
rElec  .         Spirit   .     k - +2 cloak
rCorr  .         Warding  .     (gloves unavailable)
rMut   .         Stasis   .     (boots unavailable)
MR     .....                    (no amulet)
Stlth  +.........               v - ring of see invisible
                                m - +4 ring of evasion

@: about to teleport, not resistant to hostile enchantments, very unstealthy
A: unfitting armour, tough skin 1
a: Evolution, Renounce Religion


You were on level 3 of the Dungeon.
You worshipped Fedhas.
Fedhas was aware of your devotion.
You were hungry.

You visited 1 branch of the dungeon, and saw 3 of its levels.

You collected 229 gold pieces.

Inventory:

Hand Weapons
 a - a +0 short sword of chaos (weapon)
 n - a +2 dagger of freezing
 p - a +0 hand axe of chopping
 u - a +0 club
 w - a +0 mace
 F - a cursed -1 hunting sling
 J - a cursed -3 trident
Missiles
 r - a throwing net (quivered)
 G - 43 stones
Armour
 b - a +2 robe (worn)
 k - a +2 cloak (worn)
 y - a +0 animal skin
 B - a +0 cloak
 C - a cursed +0 robe
 I - a +0 robe
Jewellery
 m - a +4 ring of evasion (left hand)
 v - a ring of see invisible (right hand)
Wands
 s - a wand of confusion (19)
 A - a wand of magic darts (27)
Scrolls
 d - 2 scrolls of identify
 f - a scroll of random uselessness
 g - a scroll of remove curse {unknown}
 j - a scroll of amnesia {unknown}
 o - a scroll of teleportation
 x - a scroll of immolation {unknown}
Potions
 e - a potion of degeneration
 h - a potion of invisibility {unknown}
 i - a potion of ambrosia {unknown}
 l - 2 potions of curing {unknown}
 q - a potion of mutation {unknown}
 D - a potion of heal wounds {unknown}
 E - a potion of might
Comestibles
 c - 3 bread rations
 z - a meat ration


   Skills:
 + Level 5.6 Fighting
 + Level 2.7 Short Blades
 + Level 0.4 Throwing
 + Level 4.0 Dodging
 + Level 2.0 Stealth


You had 5 spell levels left.
You didn't know any spells.

Dungeon Overview and Level Annotations

Branches:
Dungeon (3/15)

Altars:
Fedhas


Innate Abilities, Weirdness & Mutations

You are too large for most types of armour.
You have tough skin (AC +1).


Message History

The orc wizard completely misses you. The river rat closely misses you.
You barely miss the river rat.
The river rat is severely wounded.
The orc wizard closely misses you. The river rat barely misses you.
You barely miss the river rat.
The river rat is severely wounded.
The river rat bites you!
* * * LOW HITPOINT WARNING * * *
The orc wizard hits you with a hand axe.
* * * LOW HITPOINT WARNING * * *
The orc priest miscasts a cantrip.
As you read the scroll of teleportation, it crumbles to dust.
You feel strangely unstable. The river rat bites you.
* * * LOW HITPOINT WARNING * * *
The orc wizard barely misses you.
The orc priest mumbles some strange prayers to Beogh against you.
Something smites you!
You die...
Xom giggles madly!
Fedhas appreciates your contribution to the ecosystem.

#.######......###.# #).#
#..........# ##.#
##..##.##### #.# ###..##.#
## #.# #..))...# .# #.#
#.#..#### .# #o# #.#.÷# .#
#r# #.#..#
.###############@####.#..#
...............Z.o.......#
###..################....#
....## ####.# ..### #.#
#(# ..# ###.# #.# ..#
#...# #.# .†# #.### #.#
#.##### #.######.###


You could see an orc priest, an orc wizard, a river rat and a gnoll zombie.

Vanquished Creatures
  An orc priest (D:3)
  Ijyb (D:3)
  2 orc wizards (D:3)
  Natasha (thrice) (D:2)
  Robin (D:2)
  An adder (D:3)
  3 oozes
  3 worms
  4 giant geckos
  7 orcs (D:3)
  4 bats
  3 giant cockroaches
  A gnoll zombie (D:3)
  12 hobgoblins
  3 jackals (D:3)
  A quokka (D:1)
  A ball python (D:1)
  2 giant newts
  28 goblins
  7 kobolds
  14 rats
102 creatures vanquished.

Notes
Turn   | Place    | Note
--------------------------------------------------------------
     0 | D:1      | dnf the Ogre Chaos Knight began the quest for the Orb.
     0 | D:1      | Reached XP level 1. HP: 24/24 MP: 1/1
   143 | D:1      | XOM: harmless Fire miscast
   207 | D:1      | Reached XP level 2. HP: 14/32 MP: 2/2
   264 | D:1      | XOM: harmless Necr miscast
   394 | D:1      | Reached XP level 3. HP: 27/40 MP: 3/3
   518 | D:1      | XOM: blink monster(s)
  1002 | D:1      | XOM: noise
  1109 | D:2      | Found a blossoming altar of Fedhas.
  1123 | D:2      | Noticed Robin
  1131 | D:2      | XOM: enchant monster (bad)
  1174 | D:2      | Noticed Natasha
  1181 | D:2      | XOM: confuse monster(s)
  1194 | D:2      | Killed Natasha
  1194 | D:2      | Reached skill level 5 in Fighting
  1194 | D:2      | Reached XP level 4. HP: 39/50 MP: 4/4
  1356 | D:2      | XOM: divination: detect creatures
  1438 | D:2      | Killed Robin
  1932 | D:2      | Noticed Natasha
  1939 | D:2      | XOM: confuse monster(s)
  1942 | D:2      | Killed Natasha
  2132 | D:2      | XOM: silly message
  2146 | D:2      | Noticed Natasha
  2163 | D:2      | Killed Natasha
  2425 | D:3      | Reached skill level 1 in Stealth
  2425 | D:3      | Reached XP level 5. HP: 54/57 MP: 5/5
  2514 | D:3      | XOM: colour smoke trail
  2603 | D:3      | Noticed Ijyb
  2616 | D:3      | Killed Ijyb
  2759 | D:3      | XOM: mild Trmt miscast
  3055 | D:3      | Found a faded altar to an unknown god.
  3062 | D:3      | Fell from the grace of Xom
  3062 | D:3      | Became a worshipper of Fedhas Madash
  3062 | D:3      | Reached * piety under Fedhas
  3105 | D:3      | XOM: medium Hex miscast
  3212 | D:3      | Reached XP level 6. HP: 38/66 MP: 6/6
  3322 | D:3      | XOM: mild Summ miscast
  3734 | D:3      | Killed from afar by an orc priest

Action                   |  1- 3 |  4- 6 || total
-------------------------+-------+-------++-------
Melee: Short sword       |   122 |   261 ||   383
       Hand axe          |       |     6 ||     6
Throw: Throwing net      |       |     1 ||     1
  Use: Scroll            |     3 |     5 ||     8
       Potion            |       |     1 ||     1
 Stab: Paralysed         |     4 |     1 ||     5
       Sleeping          |       |     4 ||     4
  Eat: Fruit             |       |     5 ||     5
       Royal jelly       |       |     1 ||     1
       Pizza             |       |     1 ||     1
       Chunk             |       |     1 ||     1
